 Dungeon Crawl Stone Soup version 0.20-a0-833-gc632bec (webtiles) character file.

6 Gorice the Sneak (level 2, -1/15 HPs)
             Began as a Kobold Enchanter on Mar 7, 2017.
             Slain by a kobold
             ... wielding a +4 whip
              (4 damage)
             ... on level 1 of the Dungeon.
             The game lasted 00:00:57 (321 turns).

Gorice the Sneak (Kobold Enchanter)                  Turns: 321, Time: 00:00:58

Health: -1/15      AC:  2    Str:  5    XL:     2   Next: 0%
Magic:  4/5        EV: 15    Int: 16    God:
Gold:   44         SH:  0    Dex: 15    Spells: 4/5 levels left

rFire    . . .     SeeInvis .   a - +1 dagger
rCold    . . .     Gourm    .   b - +0 robe
rNeg     . . .     Faith    .   (shield restricted)
rPois    .         Spirit   .   (no helmet)
rElec    .         Reflect  .   (no cloak)
rCorr    .         Harm     .   (no gloves)
MR       .....                  (no boots)
Stlth    +++.......             (no amulet)
Regen    0.1/turn               (no ring)
MPRegen  0.1/turn               (no ring)

@: no status effects
A: carnivore 3
a: no special abilities


You were on level 1 of the Dungeon.
You were very full.

You visited 1 branch of the dungeon, and saw 1 of its levels.

You collected 44 gold pieces.

Inventory:

Hand Weapons
 a - a +1 dagger (weapon)
Missiles
 e - 9 poisoned needles
Armour
 b - a +0 robe (worn)
Books
 c - a book of Maledictions
Comestibles
 d - a meat ration {!e}


   Skills:
 + Level 1.7 Short Blades
 - Level 2.4 Dodging
 - Level 4.0 Stealth
 - Level 2.1 Spellcasting
 * Level 3.3 Hexes


You had 4 spell levels left.
You knew the following spells:

 Your Spells              Type           Power        Failure   Level  Hunger
a - Corona                Hex            ##.....      8%          1    #......


Dungeon Overview and Level Annotations

Branches:
Dungeon (1/15)

Altars:


Innate Abilities, Weirdness & Mutations

You are small and have problems with some larger weapons.
You are carnivorous and can eat meat at any time.


Message History

This raw flesh tastes great.
Eating one of 2 chunks of flesh.
You eat one of the 2 chunks of flesh.
This raw flesh tastes great.
Eating a chunk of flesh.
You eat the chunk of flesh.
This raw flesh tastes great.
There is a large open door here.
You open the door.
Found 17 arrows.
There is an open door here.
You open the door.
There is an open door here.
There is an open door here.
You now have 30 gold pieces (gained 17).
A bat comes into view.
The helpless bat fails to defend itself.
You impale the bat!!
You kill the bat!
You have reached level 2!
You open the door.
There is an open door here.
There is an open door here.
You now have 44 gold pieces (gained 14).
There is an open door here.
There is an open door here.
There is an open door here.
A kobold comes into view. It is wielding an enchanted whip.
The kobold moves out of view.
The kobold is too close now for your liking.
You barely miss the kobold.
The kobold shouts!
The kobold hits you with an enchanted whip!
Damage: 7 (max 7) Unknown command.
Casting: Corona
Confirm with . or Enter, or press ? or * to list all spells.
Aiming: Corona
Press: ? - help, Shift-Dir - straight line, f - kobold
Aim: a kobold, wielding an enchanted whip (chance to defeat MR: 66%)
The kobold is outlined in light.
The kobold barely misses you.
You hit the kobold but do no damage. You hit the kobold.
The kobold is moderately wounded.
The kobold hits you with an enchanted whip.
* * * LOW HITPOINT WARNING * * *
Damage: 6 (max 7)
You aren't carrying any potions.
Unknown command.
Okay, then.
The kobold hits you with an enchanted whip.
You die...

#.##. ..... . . #.#.# #.#
#.#.# ##'## ###.#.#
##...## #...#.# ##.....##
##..# ##.......## #
#.#.#..K####.........####
#.......@..'.........'...
###.#...####.........####
#.##.## ##.......## # #
### ##.....## ##...##
##'## #.# #.# #.# ##


You could see a kobold.

Vanquished Creatures
  A leopard gecko (D:1)
  A bat (D:1)
  A goblin (D:1)
  A hobgoblin (D:1)
4 creatures vanquished.

Notes
Turn   | Place    | Note
-------+----------+-------------------------------------------
     0 | D:1      | Gorice the Kobold Enchanter began the quest for the Orb.
     0 | D:1      | Reached XP level 1. HP: 10/10 MP: 3/3
   262 | D:1      | Reached XP level 2. HP: 15/15 MP: 5/5
   319 | D:1      | HP: 3/15 [kobold/enchanted whip (6)]
   321 | D:1      | Slain by a kobold

Vault maps used:
D:1:      dpeg_arrival_water_fire, kennysheep_pointless_box

Action                   || total
-------------------------++-------
Melee: Dagger            ||     7
 Cast: Corona            ||     1
 Stab: Sleeping          ||     4
  Eat: Chunk             ||     6
Dodge: Dodged            ||     1

Table legend:
 A = Turns spent in this place as a percentage of turns spent in the entire game.
 B = Non-inter-level travel turns spent in this place as a percentage of non-inter-level travel turns spent in the entire game.
 C = Inter-level travel turns spent in this place as a percentage of turns spent in this place.
 D = Turns resting spent in this place as a percentage of non-inter-level travel turns spent in this place.
 E = Turns spent auto-exploring this place as a percentage of non-inter-level travel turns spent in this place.
 F = Non-inter-level travel turns spent in this place divided by the number of levels of this place that you've seen.
                   A       B       C       D       E      F
               +-------+-------+-------+-------+-------+----------------------
         Total | 100.0 | 100.0 |   0.0 |   0.0 |  16.7 |  48.0
       Dungeon | 100.0 | 100.0 |   0.0 |   0.0 |  16.7 |  48.0
               +-------+-------+-------+-------+-------+----------------------

Vault maps used:
D:1:      dpeg_arrival_water_fire, kennysheep_pointless_box
